Map: Eternal Empire LE

Players

sivt - Winner!

  • Race: Zerg Zerg
  • League: Platinum
  • Spawn Location: 1:00

Massa

  • Race: Terran Terran
  • League: Platinum
  • Spawn Location: 7:00

VOD

Have the link to the VOD?

Description

Time

  • Played on: Sept. 7, 2020, 1:11 p.m.
  • Length: 15:25
Show
View Real Time Build Order
Export as new Build Order

sivt Zerg - Winner!

Build Orders: Hatch First, Lurkers, Swarm Host 

Get SALT Encoding   

  12  0:00  Drone  
  13  0:12  Overlord  
  13  0:17  Drone  
  14  0:30  Drone x2  
  14  0:34  Drone  
  17  0:54  Hatchery  
  17  0:55  Drone  
  17  1:01  Drone  
  18  1:09  Extractor  
  17  1:12  Drone  
  17  1:17  Spawning Pool  
  17  1:19  Drone  
  18  1:31  Drone  
  19  1:39  Drone  
  20  1:49  Overlord  
  20  2:06  Queen x2  
  24  2:10  Metabolic Boost  
  24  2:12  Drone  
  24  2:13  Drone x2  
  27  2:23  Zergling x2  
  27  2:24  Zergling x2  
  27  2:28  Drone  
  30  2:35  Zergling x2  
  30  2:53  Drone x3  
  33  3:04  Roach Warren  
  32  3:06  Drone  
  32  3:07  Drone x2  
  32  3:10  Overlord  
  35  3:20  Overlord  
  35  3:22  Drone  
  36  3:50  Drone x7  
  43  3:59  Roach x4  
  51  4:06  Extractor  
  51  4:07  Extractor  
  51  4:09  Extractor, Lair  
  48  4:27  Drone x2  
  50  4:37  Roach  
  52  4:48  Overlord x3  
  52  4:49  Overlord  
  52  5:06  Overlord x2  
  52  5:09  Roach  
  52  5:10  Hatchery  
  53  5:16  Hydralisk Den  
  53  5:21  Overseer  
  52  5:27  Overseer  
  44  5:55  Drone x7  
  44  5:56  Drone  
  52  5:57  Drone  
  52  5:58  Drone x4  
  57  6:14  Hydralisk  
  57  6:16  Hydralisk x2  
  63  6:23  Evolution Chamber  
  63  6:24  Muscular Augments  
  62  6:25  Evolution Chamber  
  61  6:35  Drone, Infestation Pit  
  61  6:36  Drone x4  
  61  6:37  Drone  
  66  6:46  Lurker Den  
  65  6:50  Hydralisk  
  65  6:51  Hydralisk x7  
  81  6:56  Zerg Missile Weapons Level 1  
  81  6:58  Zerg Ground Armor Level 1  
  81  7:19  Hydralisk x4  
  81  7:20  Hydralisk x2  
  93  7:23  Overlord  
  80  8:09  Hydralisk  
  80  8:10  Hydralisk x8  
  96  8:15  Grooved Spines  
  96  8:21  Lurker x3  
  96  8:24  Lurker  
  100  8:27  Drone  
  100  8:28  Drone x2  
  103  8:34  Queen  
  103  8:38  Overlord  
  105  8:45  Swarm Host x3  
  114  8:57  Overseer  
  114  9:12  Swarm Host  
  114  9:13  Swarm Host x2  
  114  9:16  Overlord  
  114  9:17  Overlord  
  121  9:25  Zerg Missile Weapons Level 2  
  121  9:28  Drone  
  121  9:30  Overlord x2  
  122  9:39  Overlord  
  122  9:42  Drone  
  122  9:43  Drone x7  
  130  9:49  Swarm Host  
  133  10:08  Lurker x2  
  133  10:09  Lurker x2  
  133  10:13  Drone  
  142  10:14  Drone x6  
  144  10:31  Zergling x2  
  144  10:32  Zergling x8  
  143  10:44  Zergling x2  
  143  10:45  Zergling x4  
  143  10:49  Zerg Ground Armor Level 2  
  121  11:22  Zergling x18  
  96  11:57  Zergling x2  
  96  11:58  Zergling x16  
  105  12:13  Zerg Melee Weapons Level 1  
  105  12:14  Zergling x2  
  105  12:15  Zergling x4  
  104  12:39  Swarm Host  
  104  12:40  Swarm Host x5  
  122  12:48  Extractor x2  
  120  12:57  Drone  
  120  12:58  Drone x5  
  118  13:35  Zergling x2  
  118  13:36  Zergling x16  
  85  14:28  Zergling x2  
  85  14:29  Zergling x16  
  84  15:05  Zergling x4  
  84  15:06  Zergling x14  
Show
View Real Time Build Order
Export as new Build Order

Massa Terran 

Build Orders: Gas First Reaper Expand 

Get SALT Encoding   

  12  0:00  SCV  
  13  0:12  SCV  
  14  0:19  Supply Depot  
  14  0:25  SCV  
  15  0:30  Refinery  
  15  0:43  Barracks  
  15  0:46  SCV  
  16  0:58  SCV  
  17  1:10  SCV  
  18  1:23  SCV  
  19  1:30  Reaper  
  20  1:35  Command Center  
  21  1:40  SCV  
  21  1:52  Orbital Command  
  21  2:02  Marine  
  22  2:11  Factory  
  22  2:22  Barracks Reactor  
  22  2:26  SCV  
  22  2:27  Supply Depot  
  23  2:47  SCV  
  24  2:52  Supply Depot  
  24  2:57  Orbital Command  
  24  2:58  Supply Depot  
  24  2:59  SCV  
  25  3:07  Factory Reactor  
  25  3:11  SCV  
  26  3:14  Marine  
  26  3:15  Marine  
  28  3:22  Starport  
  28  3:23  SCV  
  29  3:32  Marine x2  
  31  3:39  SCV x2  
  37  3:48  Hellion x2  
  37  3:50  Marine x2  
  37  3:51  SCV x2  
  41  4:01  Refinery  
  41  4:03  SCV x2  
  41  4:04  Medivac  
  41  4:08  Marine x2  
  41  4:09  Hellion  
  51  4:10  Hellion  
  51  4:15  SCV  
  52  4:21  SCV  
  53  4:26  Engineering Bay, Marine x2  
  53  4:27  SCV  
  53  4:28  Engineering Bay  
  56  4:33  SCV  
  56  4:38  Barracks  
  57  4:40  Hellion x2  
  61  4:53  SCV  
  62  5:00  Missile Turret  
  62  5:07  Missile Turret  
  62  5:11  Supply Depot  
  62  5:13  Missile Turret  
  62  5:15  Refinery  
  62  5:22  Missile Turret  
  62  5:26  Missile Turret  
  62  5:33  SCV x2, Hellion x2  
  68  5:41  Missile Turret  
  60  5:47  Missile Turret  
  60  5:48  SCV x2  
  62  6:00  SCV x2  
  62  6:01  Command Center  
  64  6:07  Medivac  
  66  6:19  Refinery  
  66  6:26  Terran Infantry Armor Level 1, Terran Infantry Weapons Level 1  
  66  6:30  Armory  
  66  6:32  Barracks Tech Lab  
  66  6:35  Marine x2  
  66  6:37  Viking  
  70  6:58  Barracks  
  70  6:59  Factory Tech Lab  
  70  7:12  SCV x2, Marine x2  
  70  7:15  Orbital Command, Missile Turret  
  74  7:17  Viking  
  76  7:25  SCV x2  
  78  7:31  Stimpack  
  78  7:35  Marauder, Marine  
  78  7:36  Marine  
  84  7:37  SCV x2  
  79  8:04  Marine  
  69  8:09  Supply Depot  
  69  8:10  Supply Depot x2  
  69  8:12  Supply Depot  
  69  8:14  Supply Depot x3  
  69  8:15  Supply Depot  
  69  8:20  Supply Depot  
  69  8:24  Orbital Command  
  69  8:30  Marauder, Marine x3, Siege Tank  
  69  8:32  SCV x2  
  79  8:40  Command Center, Viking  
  81  8:44  SCV x2  
  81  8:48  Marine  
  85  8:52  Marauder  
  85  8:54  Marine  
  88  8:56  SCV  
  88  8:58  Barracks Tech Lab  
  88  9:02  Siege Tank  
  91  9:05  Marine  
  92  9:11  Combat Shield  
  92  9:12  Marine  
  92  9:13  Marauder  
  95  9:20  Marauder  
  95  9:23  Marine  
  98  9:24  Concussive Shells  
  98  9:29  SCV x3, Marine  
  102  9:35  Marauder, Medivac  
  106  9:41  SCV x3, Marauder  
  111  9:52  Refinery  
  111  9:53  SCV x2  
  111  9:54  Refinery  
  111  9:56  Marauder  
  111  9:59  SCV  
  116  10:03  Marauder  
  116  10:05  SCV x2, Medivac  
  122  10:17  Marauder  
  124  10:24  Marauder  
  124  11:08  Siege Tank  
  124  11:09  Marauder  
  124  11:10  Marauder, Marine x2  
  103  11:27  Marine  
  103  11:28  Marine  
  103  11:31  Marauder x2  
  103  11:40  Siege Tank  
  103  11:45  Marine  
  103  11:46  Marine  
  108  11:52  Marauder  
  108  11:53  Marauder  
  112  11:59  Command Center  
  112  12:03  Marine x2  
  112  12:04  Command Center  
  112  12:07  Terran Infantry Armor Level 2, Terran Infantry Weapons Level 2  
  114  12:09  Barracks  
  114  12:12  Siege Tank  
  114  12:13  Marauder  
  114  12:14  Marauder  
  111  12:45  Siege Tank  
  111  12:49  Marauder x2, Marine  
  111  12:50  Marine  
  120  12:57  Barracks  
  120  13:07  Marine  
  120  13:08  Marine  
  120  13:10  Marauder  
  120  13:11  Marauder  
  118  13:25  Marine  
  115  13:32  Marauder  
  73  13:41  Marine x2  
  73  13:43  Widow Mine, Marine  
  66  13:54  Marauder  
  46  14:04  Widow Mine  
  50  14:22  Marine  
  50  14:23  Marine  
  46  14:26  Widow Mine  
  42  14:40  Marine  
  42  14:41  Marine  
  18  14:59  SCV  
  4  15:12  SCV  
  5  15:15  Barracks  
Tags
 
Add a new tag
Caveats
  • Supply blocks, unpowered buildings, or Contaminate may cause inaccurate times.
  • Supply counts are checked every 10 seconds.